 Dungeon Sprint DCSS version 0.21.1-1-g345015f (webtiles) character file.

46 wilfster70 the Chopper (level 3, -2/37 HPs)
             Began as a Hill Orc Monk on June 15, 2018.
             Slain by an ironheart preserver
             ... wielding a +1 flail of crushing
              (9 damage)
             ... in the Dungeon (Sprint V: "Ziggurat Sprint").
             The game lasted 00:02:08 (99 turns).

wilfster70 the Chopper (Hill Orc Monk)                Turns: 99, Time: 00:02:09

Health: -2/37      AC: 19    Str: 26    XL:     3   Next: 66%
Magic:  3/3        EV:  3    Int: 10    God:
Gold:   0          SH: 12    Dex: 13    Spells: 2/2 levels left

rFire    + . .     SeeInvis +   a - +14 obsidian axe {chop, +Fly SInv *Curse} (curse)
rCold    + . .     Gourm    .   k - +3 shield
rNeg     . . .     Faith    .   j - +5 gold dragon scales
rPois    +         Spirit   .   (no helmet)
rElec    .         Reflect  .   (no cloak)
rCorr    .         Harm     .   (no gloves)
MR       .....     NoTele   +   (no boots)
Stlth    ..........             (no amulet)
HPRegen  0.12/turn              p - +6 ring of strength
MPRegen  0.08/turn              q - +6 ring of strength

@: mesmerised
A: no striking features
a: Evoke Flight


You were in the Dungeon.
You were not hungry.

You visited 1 branch

Inventory:

Hand Weapons
 a - the cursed +14 obsidian axe (weapon) {chop, +Fly SInv *Curse}
   (You found it in the Dungeon)

   It inflicts extra damage upon your enemies.
   It lets you see invisible.
   It lets you fly.
   It curses itself when equipped.
   It has a curse placed upon it.
Armour
 b - a +3 large shield
 j - +5 gold dragon scales (worn)
 k - a +3 shield (worn)
Jewellery
 l - a +6 ring of dexterity
 m - a +6 ring of dexterity
 n - a +6 ring of intelligence
 o - a +6 ring of intelligence
 p - a +6 ring of strength (left hand)
 q - a +6 ring of strength (right hand)
Wands
 r - a wand of disintegration (7)
 s - a wand of iceblast (7)
 t - a wand of acid (7)
Scrolls
 i - 4 scrolls of blinking
 y - 4 scrolls of amnesia
 B - 7 scrolls of fog
 C - a scroll of holy word
 D - 5 scrolls of identify
 E - 5 scrolls of remove curse
 F - 2 scrolls of fear
Potions
 d - 10 potions of curing
 e - 10 potions of heal wounds
 f - 10 potions of haste
 g - 7 potions of magic
 h - 3 potions of berserk rage
 u - 2 potions of brilliance
 v - 2 potions of invisibility
 w - 4 potions of resistance
 z - 5 potions of agility
 A - 5 potions of might
Comestibles
 c - 7 rations


   Skills:
 + Level 6.3 Fighting
 + Level 6.8 Axes
 + Level 4.4 Armour
 + Level 4.2 Dodging
 - Level 1.5 Stealth
 + Level 2.0 Shields


You had 2 spell levels left.
You didn't know any spells.

Dungeon Overview and Level Annotations

Branches:
Dungeon (1/1)

Altars:
Ashenzari
Cheibriados
Dithmenos
Elyvilon
Fedhas
Gozag
Hepliaklqana
Kikubaaqudgha
Makhleb
Nemelex Xobeh
Okawaru
Qazlal
Ru
Sif Muna
Trog
Uskayaw
Vehumet
Wu Jian
Xom
Yredelemnul
Zin
The Shining One
Beogh
Jiyva
Lugonu

Annotations:
D 1 transporter


Message History

You slash the ironheart preserver!
The ironheart preserver is severely wounded.
Your shield and gold dragon scales prevent you from hitting the white ugly thing.
Visions of slaying the white ugly thing flood into your mind.
The white ugly thing trunk-slaps you. The white ugly thing freezes you!
You resist.
* * * LOW HITPOINT WARNING * * *
You block the ironheart preserver's attack.
Your gold dragon scales prevents you from hitting the ironheart preserver.
The ironheart preserver is severely wounded.
You slash the white ugly thing! You open a gate to Pandemonium!
A demon appears!
Your gold dragon scales prevents you from hitting the chaos spawn.
Visions of slaying the ironheart preserver flood into your mind.
You block the white ugly thing's attack.
You block the chaos spawn's attack.
The ironheart preserver gestures wildly while chanting.
The ironheart preserver begins to accept its allies' injuries.
The ironheart preserver hits you with a +1 flail of crushing!
You die...

▓▓▓▓▓▓▓▓▓▓▓▓▓▓▓▓▓▓▓
▓.8©8.▓.8©8.▓.8©8.▓
▓.))).▓.[|[.▓.....▓
▓..)..▓.....▓...).▓
▓.....▓.....▓.....▓
▓.upp.▓.....▓.....▓
▓.W@4.▓.....▓..©..▓
▓4.©..▓..©..▓▓▓▓▓▓▓
▓▓▓▓▓▓▓▓▓▓▓▓▓


You could see 2 ironheart preservers, a white ugly thing, a chaos spawn, a
wraith and a friendly rust devil.

Vanquished Creatures
  An iron imp (D)
  An ufetubus (D)
  An adder zombie (D)
  A bat zombie (D)
  A leopard gecko skeleton (D)
5 creatures vanquished.

Notes
Turn   | Place    | Note
-------+----------+-------------------------------------------
     0 | D        | Found the +6 Majin-Bo {vamp, Archmagi MP+6 Int+6}
     0 | D        | Found the +7 great mace "Firestarter" {inner flame, rF++}
     0 | D        | wilfster70 the Hill Orc Monk began the quest for the Orb.
     0 | D        | Reached XP level 1. HP: 19/19 MP: 1/1
     0 | D        | Found a deep blue altar of Sif Muna.
     0 | D        | Found a bloodstained altar of Trog.
     0 | D        | Found a sacrificial altar of Ru.
     0 | D        | Found a stormy altar of Qazlal.
     0 | D        | Found an iron altar of Okawaru.
    19 | D        | Found a blossoming altar of Fedhas.
    26 | D        | Found a viscous altar of Jiyva.
    26 | D        | Found a transporter.
    26 | D        | Found a hazy altar of Hepliaklqana.
    26 | D        | Found an ancient bone altar of Kikubaaqudgha.
    26 | D        | Found an opulent altar of Gozag.
    26 | D        | Found a corrupted altar of Lugonu.
    27 | D        | Found a burning altar of Makhleb.
    28 | D        | Found a sparkling altar of Nemelex Xobeh.
    34 | D        | Found the +9 heavy crossbow "Sniper" {velocity, Acc+∞ SInv}
    34 | D        | Found the +10 dark maul {crush}
    34 | D        | Found the +15 Maxwell's patent armour {-Cast -Tele rElec MR+ rCorr}
    34 | D        | Found the +18 shield of the Gong {rElec rN+ MR+ EV-5}
    34 | D        | Found the cursed +14 obsidian axe {chop, +Fly SInv *Curse}
    55 | D        | Reached skill level 5 in Fighting
    55 | D        | Reached XP level 2. HP: 30/30 MP: 2/2
    67 | D        | Entered arena 2.
    67 | D        | Found a transporter.
    72 | D        | Reached skill level 1 in Shields
    72 | D        | Reached XP level 3. HP: 34/37 MP: 3/3
    78 | D        | Entered arena 3.
    78 | D        | Found a transporter.
    94 | D        | Entered arena 4.
    94 | D        | Noticed an ironheart preserver
    94 | D        | Noticed a wraith
    94 | D        | Noticed a white ugly thing
    94 | D        | Noticed an ironheart preserver
    94 | D        | Found a transporter.
    97 | D        | Noticed a chaos spawn
    99 | D        | Slain by an ironheart preserver

Skill      XL: |  1  2  3 |
---------------+----------+-----
Fighting       | 5 6 |  6.3
Axes           | 6 |  6.8
Armour         | 3 4 |  4.4
Dodging        | 3 4 |  4.2
Shields        | 1 2 |  2.0
Stealth        | |  1.5

Action                   || total
-------------------------++-------
Melee: Broad axe         ||    10
  Use: Potion            ||     1
Armor: Gold dragon scale ||     3
Block: Shield            ||     9
